 Dungeon Crawl Stone Soup version 0.26-a0-466-g989023bd0d (webtiles) character file.

Game seed: 1103026303845055555

98 HoaS the Ruffian (level 4, -3/26 HPs)
             Began as a Gargoyle Gladiator on Aug 2, 2020.
             Slain by Sigmund
             ... wielding a +0 scythe
              (6 damage)
             ... on level 2 of the Dungeon.
             The game lasted 00:04:14 (1411 turns).

HoaS the Ruffian (Gargoyle Gladiator)               Turns: 1411, Time: 00:04:14

Health: -3/26      AC: 12    Str: 18    XL:     4   Next: 71%
Magic:  4/4        EV:  7    Int:  9    God:
Gold:   131        SH:  0    Dex: 11    Spells: 3/3 levels left

rFire    . . .     SeeInvis .     - Unarmed
rCold    . . .     Faith    .   (no shield)
rNeg     + . .     Spirit   .   d - +0 chain mail
rPois    ∞         Reflect  .   b - +0 helmet
rElec    +         Harm     .   (no cloak)
rCorr    .                      (no gloves)
MR       .....                  (no boots)
Stlth    ..........             (no amulet)
HPRegen  0.08/turn              (no ring)
MPRegen  0.09/turn              (no ring)

@: confused
A: negative energy resistance 1, electricity resistance, unbreathing,
petrification resistance, rot immunity, AC +3
a: no special abilities


You were on level 2 of the Dungeon.
You visited 1 branch of the dungeon, and saw 2 of its levels.

You collected 131 gold pieces.

Inventory:

Missiles
 g - 23 poisoned darts (quivered)
 i - 3 boomerangs
Armour
 b - a +0 helmet (worn)
 d - a +0 chain mail (worn)
Jewellery
 f - an uncursed ring of wizardry {unknown}
 h - an uncursed ring of ice {unknown}
Wands
 k - a wand of digging (4)
Scrolls
 j - a scroll of teleportation
Potions
 a - a potion of haste {unknown}
 e - a potion of lignification {unknown}


   Skills:
 - Level 2.1 Fighting
 - Level 1.7 Throwing
 - Level 2.4 Dodging
 * Level 5.3 Unarmed Combat


You had 3 spell levels left.
You didn't know any spells.
Your spell library was empty.

Dungeon Overview and Level Annotations

Branches:
Dungeon (2/15)

Altars:

Annotations:
D:2 Sigmund


Innate Abilities, Weirdness & Mutations

You are resistant to torment.
Your stone body is resilient. (AC +3)
You are immune to poison.
You resist negative energy. (rN+)
You are resistant to electric shocks. (rElec)
You can survive without breathing.
You are immune to petrification.
You are immune to rotting.


Message History

Sigmund points at you and mumbles some strange words.
The puff of flame hits you.
You're too confused to move!
Sigmund hits you with a +0 scythe.
* * * LOW HITPOINT WARNING * * *
You bump into the rock wall.
You're too confused to move!
Sigmund barely misses you.
You're too confused to move!
Sigmund mumbles some strange words.
Sigmund flickers and vanishes!
Deactivating autopickup; reactivate with Ctrl-A.
You bump into the rock wall.
Something hits you but does no damage.
You bump into the rock wall.
You feel less confused.
You miss something. Something hits you.
* * * LOW HITPOINT WARNING * * *
Your chain mail prevents you from hitting something.
You hear some strange, mumbled words.
You are confused.
You completely miss something. Something hits you.
You die...

#......# ##########....
#......#############.[..
#..>...)...........'....
#......#############....
##...### #.... #...#
##### #...# #...######
#.....@{.# ########.#
#.....#######
#...........#
#..@........#
#...........#
.(((..........#
####..........#
#....#######


There were no monsters in sight!

Vanquished Creatures
  Terence (D:2)
  An adder (D:2)
  A white imp (D:2)
  3 dart slugs (D:1)
  A leopard gecko (D:2)
  3 orcs (D:2)
  4 bats (D:1)
  2 giant cockroaches (D:1)
  6 hobgoblins
  6 frilled lizards
  11 goblins
  5 kobolds
  3 rats (D:1)
47 creatures vanquished.

Notes
Turn   | Place    | Note
-------+----------+-------------------------------------------
     0 | D:1      | HoaS the Gargoyle Gladiator began the quest for the Orb.
     0 | D:1      | Reached XP level 1. HP: 12/12 MP: 1/1
    39 | D:1      | Reached XP level 2. HP: 13/17 MP: 2/2
   359 | D:1      | Reached skill level 4 in Unarmed Combat
   437 | D:1      | Reached XP level 3. HP: 17/21 MP: 3/3
  1071 | D:2      | Noticed Terence
  1213 | D:2      | Killed Terence
  1213 | D:2      | Reached skill level 5 in Unarmed Combat
  1213 | D:2      | Reached XP level 4. HP: 20/26 MP: 4/4
  1376 | D:2      | Noticed Sigmund
  1411 | D:2      | Slain by Sigmund

Illustrated notes

Levels and vault maps discovered:
D:1:      lemuel_arrival_behind_the_door_large, layout_basic
D:2:      layout_basic, guppyfry_early_orc_mine, uniq_crazy_yiuf_cottage,
          uniq_sigmund, uniq_terence

Skill      XL: |  1  2  3 |
---------------+----------+-----
Unarmed Combat | 4 5 |  5.3
Fighting       | |  2.1
Throwing       | |  1.7
Dodging        | |  2.4

Action                   |  1- 3 |  4- 6 || total
-------------------------+-------+-------++-------
Melee: Unarmed           |   146 |    32 ||   178
       Punch             |     1 |       ||     1
Throw: Dart              |       |     5 ||     5
       Throwing net      |       |     3 ||     3
  Use: Scroll            |     1 |     2 ||     3
Armor: Leather armour    |    23 |       ||    23
       Chain mail        |    58 |    20 ||    78
Dodge: Dodged            |    71 |     9 ||    80

Table legend: (Time is in decaauts)
 A = Elapsed time spent in this place.
 B = Non-inter-level travel time spent in this place.
 C = Inter-level travel time spent in this place.
 D = Time resting spent in this place.
 E = Time spent auto-exploring this place.
 F = Levels seen in this place.
 G = Mean time per level.
                   A        B        C        D        E       F      G
               +--------+--------+--------+--------+--------+-----+--------+
         Total |   1397 |   1385 |     12 |    496 |    509 |   2 |  698.5 |
       Dungeon |   1397 |   1385 |     12 |    496 |    509 |   2 |  698.5 |
               +--------+--------+--------+--------+--------+-----+--------+

Top non-repeatable levels by time:
     D:2: 714 daAuts
     D:1: 682 daAuts
